Unix NetHack Version 5.0.0-0 post-release - last build May  4 2026 22:22:43 (774f63e81ad911689b3a0859ea89b322d5daca8d,branch:main).

Game began 2026-05-09 02:36:15, ended 2026-05-09 02:44:53.

2459832143, neutral female gnomish Cavewoman

                                                      -------
                                                     --.....|
                                                    --..--..|
                                                   --...--------
                                                   |...... --..--
                                                   |.--.%..|....|
                                                   ..| ........--
                                                   ..--.......-       ---
                                                  .......--...-- ....--.--
                                            ------......--  ...| -.......--
                                           ..............|   ..---........|
                                          .....-----.....--h.............--
                                         .....     |...............  ....|
                                        ....-      --.................%.-|
                                       .....        |.|......%...........|
                                       ..--           --.................-
                                       ...---.         |....@.............--
                                       ....<^.         ----................`--
                                          ----            --...|..---........|
                                                            ..-----  -------.|

2459832143 the Troglodyte  St:18/02 Dx:15 Co:18 In:8 Wi:7 Ch:7  Neutral
Dlvl:3  $:28 HP:0(15) Pw:3(3) AC:7  Xp:1 T:344 

Latest messages:
 You miss the jackal.
 The jackal bites!
 You miss the jackal.
 The jackal bites!
 You kill the jackal!
 You see here a jackal corpse.
 You see here 4 gold pieces.
 $ - 4 gold pieces (23 in total).
 You see here 5 gold pieces.
 $ - 5 gold pieces (28 in total).
 You descend the stairs.
 You materialize in a different location!
 The kobold zombie hits!
 You hear crashing rock.
 You see here 2 tins.
 i - 2 tins.
 You destroy the kobold zombie!
 You kill the gecko!
 You kill the lichen!
 You see here a lichen corpse.
 You swap places with the peaceful dwarf.
 You kill the jackal!
 You miss the jackal.
 The jackal bites!
 You kill the jackal!
 You see here a pair of padded gloves.
 j - a pair of padded gloves.
 What do you want to wear? [j or ?*] ?
 What do you want to wear? [j or ?*] j
 You finish your dressing maneuver.
 You kill the gecko!
 You see here a gecko corpse.
 The gecko bites!
 You miss the gecko.
 You kill the gecko!
 You see here a gecko corpse.
 You kill the lichen!
 You see here a lichen corpse.
 You hear a chugging sound.
 You see here a lichen corpse.
 You hear crashing rock.
 You kill the gas spore!
 Boom!
 You are caught in the gas spore's explosion!
 It is fatal.
 Do you want your possessions identified? [ynq] (y) y
 Do you want to see your attributes? [ynq] (y) y
 Do you want an account of creatures vanquished? [ynaq] (y) y
 Do you want to see your conduct and achievements? [ynq] (y) y
 Do you want to see the dungeon overview? [ynq] (y) y

Inventory:
 Coins    ('$')
  $ - 28 gold pieces
 Weapons  (')')
  b - a +2 sling (alternate weapon; not wielded)
  a - a +1 club (weapon in right hand)
 Armor    ('[')
  j - an uncursed +0 pair of leather gloves (being worn)
  e - an uncursed +0 leather armor (being worn)
 Comestibles  ('%')
  f - an uncursed food ration
  h - an uncursed lembas wafer
  i - 2 uncursed tins of pickled hobbit meat
 Gems/Stones  ('*')
  g - 2 uncursed worthless pieces of yellowish brown glass
  c - 14 uncursed flint stones (in quiver pouch)
  d - 26 uncursed rocks

2459832143 the Cavewoman's attributes:

Background:
 You were a Troglodyte, a level 1 gnomish Cavewoman.
 You were neutral, on a mission for Ishtar
 who was opposed by Anu (lawful) and Anshar (chaotic).
 You were right-handed.
 You were in the Gnomish Mines, on level 3.
 You entered the dungeon 344 turns ago.
 It was nighttime.
 You had 19 experience points, 1 more was needed to attain level 2.

Basics:
 You had 0 out of 15 hit points.
 You had all 3 energy points (spell power).
 Your armor class was 7.
 Your wallet contained 28 zorkmids.
 Autopickup was off.

Final Characteristics:
 Your strength was 18/02 (limit:18/50).
 Your dexterity was 15 (limit:18).
 Your constitution was 18 (limit:18).
 Your intelligence was 8 (limit:19).
 Your wisdom was 7 (limit:18).
 Your charisma was 7 (limit:18).

Final Status:
 You weren't hungry.
 You were unencumbered.
 You were wielding a club.
 You had basic skill with club.

Final Attributes:
 You were stridently aligned.
 You had infravision.
 You were warded.
 You are dead.

Miscellaneous:
 You didn't encounter any bones levels.
 Total elapsed playing time was 8 minutes and 34 seconds.

Major events:
 Turn
    1: 2459832143 the neutral gnomish Cavewoman entered the dungeon
  159: entered the Gnomish Mines
  344: killed by a gas spore's explosion

You didn't know any spells.

Skills:
 Fighting Skills
   bare handed combat [Basic]
 Weapon Skills
   dagger             [Unskilled]
   knife              [Unskilled]
   axe                [Unskilled]
   pick-axe           [Unskilled]
   club               [Basic]
   mace               [Unskilled]
   morning star       [Unskilled]
   flail              [Unskilled]
   hammer             [Unskilled]
   quarterstaff       [Unskilled]
   polearms           [Unskilled]
   spear              [Unskilled]
   trident            [Unskilled]
   bow                [Unskilled]
   sling              [Basic]
   boomerang          [Unskilled]
   unicorn horn       [Unskilled]
 Spellcasting Skills
   attack spells      [Unskilled]
   matter spells      [Unskilled]

Voluntary challenges:
 Character rerolling was not enabled.
 You went without food.
 You were an atheist.
 You were illiterate.
 You never genocided any monsters.
 You never polymorphed an object.
 You never changed form.
 You used no wishes.
Achievement:
 You entered the Gnomish Mines.

 The Dungeons of Doom: levels 1 to 2
    Level 1:
       A fountain.
    Level 2:
       Stairs down to The Gnomish Mines.
 The Gnomish Mines:
    Level 3: <- You were here.
       Final resting place for
          you, killed by a gas spore's explosion.


Vanquished creatures:
  a gas spore
  3 geckos
  3 jackals
  2 lichens
  a kobold zombie
  a newt
11 creatures vanquished.

No species were genocided or became extinct.

Game over:
                       ----------
                      /          \
                     /    REST    \
                    /      IN      \
                   /     PEACE      \
                  /                  \
                  |    2459832143    |
                  |      28 Au       |
                  | killed by a gas  |
                  |     spore's      |
                  |    explosion     |
                  |                  |
                  |       2026       |
                 *|     *  *  *      | *
        _________)/\\_//(\/(/\)/\//\/|_)_______

Goodbye 2459832143 the Cavewoman...

You died in The Gnomish Mines on dungeon level 3 with 202 points,
and 28 pieces of gold, after 344 moves.
You were level 1 with a maximum of 15 hit points when you died.

